AoeStats
← Kaiser Ze

Arabia

509858995Analyzed
1v1 RM · 3d ago on Sep 28, 2026· 30m 7s· 2 players
Game mode
Random Map
Map size
Tiny (2 player)
Population
200
Speed
Normal
Resources
Standard
Victory
Conquest
Starting age
Dark Age
Ending age
Imperial Age
RankedLock teamsTeams togetherTeam positionsShared explorationLock speedFull tech treeHidden civsTurbo modeCheats
Victory
Defeat
🇨🇳 Mongols · China
1233
+17
🇺🇸 Varangians · United States
1244
-17
Kaiser Ze
6:49 Loom
9:21 Feudal Age
18:40 Castle Age
18:08 Bloodlines
18:34 Fletching
19:31 Gold Mining
24:51 Bodkin Arrow
25:17 Padded Archer Armor
26:15 Double-Bit Axe
27:25 Bow Saw
28:20 Light Cavalry
30:13 Ballistics
30:10 Leather Archer Armor
Pinzon
7:03 Loom
9:35 Feudal Age
10:51 Double-Bit Axe
19:57 Castle Age
18:27 Fletching
21:04 Bodkin Arrow
22:30 Horse Collar
23:08 Elite Skirmisher
25:36 Squires
25:21 Gambesons
29:36 Ballistics
Connection lost

Rejoining the realm…

Still unreachable

The connection could not be restored.

Session expired

The server has moved on; the page needs a fresh start.